 Dungeon Crawl Stone Soup version 0.30.1-4-g462c640d31 (webtiles) character file.

Game seed: 15227839115015205844

218 spardeous the Magician (level 6, -1/40 HPs)
             Began as a Djinni Conjurer on Aug 27, 2023.
             Slain by a hobgoblin (2 damage)
             ... on level 4 of the Dungeon.
             The game lasted 00:01:49 (1420 turns).

spardeous the Magician (Djinni Conjurer)            Turns: 1420, Time: 00:01:50

Health: -1/40      AC:  4    Str:  8    XL:     6   Next: 17%
Gold:   76         EV: 11    Int: 19    God:
                   SH:  0    Dex: 12

rFire   + + .        (no weapon)
rCold   x . .        (no shield)
rNeg    . . .        f - +0 leather armour
rPois   ∞            (no helmet)
rElec   .            m - +0 cloak
rCorr   .            (no gloves)
SInv    .            (boots unavailable)
Will    .....        (no amulet)
Stlth   +            (no ring)
HPRegen 0.26/turn    (no ring)
MPRegen 0.00/turn

%: infuse magic (-2 HP)
@: flying
A: sickness immunity, fire resistance 2, cold vulnerability 1, float, innate
caster, HP casting, extra vitality 1
a: no special abilities


You were on level 4 of the Dungeon.
You visited 1 branch of the dungeon, and saw 4 of its levels.

You collected 76 gold pieces.

Inventory:

Armour
 a - a +0 robe
 f - a +0 leather armour (worn)
 m - a +0 cloak (worn)
Jewellery
 d - a ring of fire
Scrolls
 b - 2 scrolls of vulnerability {unknown}
 c - a scroll of fog {unknown}
 e - 6 scrolls of identify {unknown}
 h - a scroll of noise {unknown}
 i - 2 scrolls of teleportation {unknown}
 k - a scroll of enchant armour {unknown}
 n - a scroll of amnesia {unknown}
Potions
 g - a potion of resistance {unknown}
 l - a potion of attraction {unknown}


   Skills:
 - Level 2.1 Dodging
 - Level 1.5 Stealth
 + Level 5.4 Spellcasting


You knew the following spells:

 Your Spells              Type           Power      Damage    Failure   Level
a - Magic Dart            Conj           100%       1d8       1%          1
b - Searing Ray           Conj           52%        2d6       2%          2
c - Dazzling Flash        Conj/Hex       52%        N/A       5%          3
d - Fulminant Prism       Conj/Hex       13%        3d8       19%         4
e - Iskenderun's Mystic   Conj/Tloc      26%        2d7       19%         4
f - Foxfire               Conj/Fire      100%       2x1d9     1%          1
g - Momentum Strike       Conj/Tloc      52%        3d9       2%          2
Your spell library was empty.

Dungeon Overview and Level Annotations

Branches:
Dungeon (4/15)
 Temple: D:4-7

Altars:
Ashenzari

Shops:
D:1 *(


Innate Abilities, Weirdness & Mutations

You are immune to sickness and miasma.
You are immune to poison.
Your flesh is very heat resistant. (rF++)
You are vulnerable to cold. (rC-)
You float through the air rather than walking.
You learn spells naturally, not from books.
Your magical power is your life essence.
You have superior vitality. (+4 MHP)


Message History

The hobgoblin hits you.
* * * LOW HITPOINT WARNING * * *
Dowan hits you but does no damage.
You take 4 damage, and have 4/35 hp.
The searing ray hits Dowan.
You kill Dowan!
* * * LOW HITPOINT WARNING * * *
You finish channelling your searing ray.
The hobgoblin hits you.
* * * LOW HITPOINT WARNING * * *
You have reached level 6!
You take 2 damage, and have 2/40 hp.
Casting: Searing Ray (safe; 2% risk of failure)
Confirm with . or Enter, or press ? or * to list all spells.
You don't know that spell.
Casting: Searing Ray (safe; 2% risk of failure)
Confirm with . or Enter, or press ? or * to list all spells.
Okay, then.
Okay, then.
Casting: Searing Ray (safe; 2% risk of failure)
Confirm with . or Enter, or press ? or * to list all spells.
You don't know that spell.
The hobgoblin attacks as you move away! The hobgoblin closely misses you.
Items here: ) [ ††.
Things that are here:
a jackal corpse; a jackal corpse
Casting: Searing Ray (safe; 2% risk of failure)
Confirm with . or Enter, or press ? or * to list all spells.
Aiming: Searing Ray (safe; 2% risk of failure)
Press: ? - help, Shift-Dir - straight line, f - hobgoblin
Aim: a hobgoblin (79% to hit)
The searing ray misses the hobgoblin. (Press . to maintain the ray.)
* * * LOW HITPOINT WARNING * * *
The hobgoblin barely misses you.
Without enough magic to sustain it, your searing ray dissipates.
The hobgoblin closely misses you.
You take 2 damage, and have 1/40 hp.
The hobgoblin attacks as you move away! The hobgoblin hits you.
You die...

## ###. #..
########.##
..........####
.......@g<...######
.........)#..$..>..
###########...##...
b...... .##.#####
.# .# #. .# . .# .
.#


You could see a hobgoblin.

Vanquished Creatures
  Duvessa (D:4)
  Dowan (D:4)
  2 adders (D:3)
  A worm (D:2)
  2 dart slugs
  An orc (D:3)
  4 bats
  An endoplasm (D:2)
  A giant cockroach (D:3)
  2 goblins (D:2)
  7 hobgoblins
  4 jackals (D:4)
  6 ball pythons
  A frilled lizard (D:1)
  5 kobolds
  3 rats (D:1)
  A butterfly (D:4)
43 creatures vanquished.

Notes
Turn   | Place    | Note
-------+----------+-------------------------------------------
     0 | D:1      | spardeous the Djinni Conjurer began the quest for the Orb.
     0 | D:1      | spardeous set off with the following spells memorised:
                  | Magic Dart, Searing Ray, Dazzling Flash, Fulminant Prism,
                  | Iskenderun's Mystic Blast.
     0 | D:1      | Reached XP level 1. HP: 15/15 MP: 0/0
   136 | D:1      | Found Tarer's Assorted Antiques.
   210 | D:1      | Reached XP level 2. HP: 21/21 MP: 0/0
   280 | D:1      | Found Taad's Weapon Boutique.
   702 | D:2      | Reached XP level 3. HP: 23/25 MP: 0/0
   702 | D:2      | Learned a level 1 spell: Foxfire
   745 | D:2      | You are sucked into a shaft and drop 1 floor!
   802 | D:3      | Reached skill level 4 in Spellcasting
   900 | D:3      | Found a faded altar of an unknown god.
   914 | D:3      | Reached XP level 4. HP: 14/31 MP: 0/0
  1117 | D:3      | Found a broken altar of Ashenzari.
  1397 | D:4      | Noticed Duvessa
  1404 | D:4      | Noticed Dowan
  1411 | D:4      | Killed Duvessa
  1412 | D:4      | Reached skill level 5 in Spellcasting
  1412 | D:4      | Reached XP level 5. HP: 11/35 MP: 0/0
  1412 | D:4      | Learned a level 2 spell: Momentum Strike
  1415 | D:4      | Killed Dowan
  1416 | D:4      | Reached XP level 6. HP: 2/40 MP: 0/0
  1420 | D:4      | Slain by a hobgoblin

Illustrated notes

Levels and vault maps discovered:
D:1:      tarquinn_simple_flora_water_c, layout_rooms, serial_shops, shop,
          nicolae_shop_back_alley_shop
D:2:      layout_rooms, minmay_misc_feat_four_crosses
D:3:      layout_rooms, mainiacjoe_overflow_paths,
          chequers_ecumenical_altar_simple, feat_on_display
D:4:      layout_rooms, mainiacjoe_overflow_six_doors_small,
          general_overflow_altar, minitemple, minmay_temple_entry_butterflies,
          uniq_duvessa, uniq_pikel

Skill      XL: |  1  2  3  4 |
---------------+-------------+-----
Spellcasting   | 4 5 |  5.4
Dodging        | |  2.1
Stealth        | |  1.5

Action                     |  1- 3 |  4- 6 || total
---------------------------+-------+-------++-------
   Cast: Magic Dart        |    57 |    29 ||    86
         Searing Ray       |       |     5 ||     5
    Use: Potion            |       |     1 ||     1
 Armour: Leather armour    |     7 |     2 ||     9
  Dodge: Dodged            |    12 |     6 ||    18
